Match 43479415
Unlisted

Match 43479415
End
Construct Weapon Support Center
Engineer Squad
M1919 Machine Gun Team
M1919 Machine Gun Team
Bazooka Squad
Mortar Pit
Bazooka Squad
Mechanized Support Center
Mortar Pit
M3 Armored Personnel Carrier
Bazooka Squad
Selects Heavy Weapons
Selects M2HB .50cal Heavy Machine Gun
Improved M9 Bazooka Rockets
Bazooka Squad
M3 Armored Personnel Carrier
Construct Tank Depot
M4A1 Sherman Medium Tank
M4A1 76mm Conversion
M4A1(76) Sherman Medium Tank
嫂子开门我是我哥
Jeremy
JT
冲锋大哥
MiserLou
⁂ | Mad_Korean
DaMerkKid
1655692477
0
0

Comments sign in to comment!

No comments posted yet!